 Dungeon Crawl Stone Soup version 0.25.1-2-g60ff931df9 (webtiles) character file.

Game seed: 1841009675062065676

235 Luthien the Conjurer (level 5, 0/29 HPs)
             Began as a Deep Elf Conjurer on Sept 1, 2020.
             Shot with an arrow by a centaur (11 damage)
             ... on level 3 of the Dungeon.
             The game lasted 00:07:04 (3057 turns).

Luthien the Conjurer (Deep Elf Conjurer)            Turns: 3057, Time: 00:07:05

Health: 0/29       AC:  3    Str:  5    XL:     5   Next: 76%
Magic:  14/14      EV: 14    Int: 21    God:
Gold:   49         SH:  0    Dex: 15    Spells: 6/13 levels left

rFire    . . .     SeeInvis .   g - +0 club
rCold    . . .     Gourm    .   (no shield)
rNeg     . . .     Faith    .   a - +0 robe
rPois    +         Spirit   .   w - +0 helmet
rElec    .         Reflect  .   (no cloak)
rCorr    .         Harm     .   (no gloves)
MR       .....                  (no boots)
Stlth    +++.......             (no amulet)
HPRegen  0.09/turn              m - ring of poison resistance
MPRegen  0.14/turn              (no ring)

@: very slightly contaminated
A: no striking features
a: no special abilities


You were on level 3 of the Dungeon.
You were not hungry.

You visited 1 branch of the dungeon, and saw 3 of its levels.

You collected 49 gold pieces.

Inventory:

Hand Weapons
 d - a +0 mace
 g - a +0 club (weapon)
Missiles
 f - 32 arrows
 h - 18 sling bullets
 j - 19 poisoned darts (quivered)
 v - 48 stones
Armour
 a - a +0 robe (worn)
 w - a +0 helmet (worn)
Jewellery
 m - a ring of poison resistance (left hand)
 o - an uncursed amulet of guardian spirit
Wands
 y - a wand of random effects (22)
Scrolls
 b - 2 scrolls of fear
 e - 2 scrolls of teleportation
 l - a scroll of noise {unknown}
 n - a scroll of random uselessness {unknown}
 t - a scroll of amnesia
 u - 2 scrolls of remove curse {unknown}
 x - a scroll of enchant armour {unknown}
Potions
 i - a potion of curing
 k - a potion of berserk rage
 p - a potion of stabbing {unknown}
 q - 2 potions of lignification
 s - a potion of flight {unknown}
 z - a potion of cancellation {unknown}
Comestibles
 c - 5 rations


   Skills:
 + Level 1.0 Fighting
 - Level 3.8 Dodging
 - Level 4.1 Stealth
 + Level 4.9 Spellcasting
 + Level 5.4 Conjurations


You had 6 spell levels left.
You knew the following spells:

 Your Spells              Type           Power        Failure   Level  Hunger
a - Magic Dart            Conj           ####         1%          1    None
b - Searing Ray           Conj           ####..       1%          2    None
p - Fulminant Prism       Conj/Hex       ###.......   34%         4    ####...

Your spell library contained the following spells:

 Spells                   Type           Power        Failure   Level  Hunger
 Dazzling Flash           Conj/Hex       ###...       11%         3    ##.....
 Iskenderun's Mystic Bla  Conj/Tloc      ###.....     34%         4    ####...


Dungeon Overview and Level Annotations

Branches:
Dungeon (3/15)

Altars:

Annotations:
D:2 1 runed translucent door, Crazy Yiuf


Message History

Aiming: Magic Dart (safe; 1% risk of failure)
Press: ? - help, Shift-Dir - straight line, f - centaur
Aim: a centaur, quivering 49 arrows (wandering, hasn't noticed you)
The magic dart hits the centaur.
The centaur is lightly wounded.
The centaur shouts!
The centaur wields a +0 shortbow.
The centaur shoots an arrow.
The arrow hits you!
Evoke which item? (* to show all) (? for menu, Esc to quit)
Aiming: Random Effects
Press: ? - help, Shift-Dir - straight line, f/p - centaur
Aim: a centaur, wielding a +0 shortbow and quivering 48 arrows (lightly wounded)
The centaur resists with some effort.
The centaur shoots an arrow.
The arrow hits you.
Blink to where?
Press: ? - help, Dir - move target cursor, p - centaur You are very lightly contaminated with residual magic.
As you read the scroll of blinking, it crumbles to dust.
The centaur shoots an arrow.
The arrow hits you!
You die...

....#######.#.##.#..#....#.#
..)......#c.........######.###
....#....#...................#
....................######.#.#
.................#..# #....#.#
.................#..###.####.#
.................#...##.# #.#
...............#.#...##.# #.#
......#####....#@#...##.# #.#
......# #......#...##.# #.#
......# #......#...##.# #.#
..#.#.#####......#.>.##.####.#
..#..........................#
................<.........####
............####.######..<..#
....#......)........###.#...#
....####....#####........####


You could see a centaur.

Vanquished Creatures
  A howler monkey (D:2)
  Natasha (thrice) (D:3)
  Robin (D:2)
  4 adders
  An adder skeleton (D:2)
  2 ball pythons (D:1)
  15 goblins
  7 hobgoblins
  9 jackals (D:3)
  9 kobolds
  A quokka (D:2)
  4 bats
  3 frilled lizards
  13 rats
73 creatures vanquished.

Notes
Turn   | Place    | Note
-------+----------+-------------------------------------------
     0 | D:1      | Luthien the Deep Elf Conjurer began the quest for the Orb.
     0 | D:1      | Reached XP level 1. HP: 10/10 MP: 6/6
   234 | D:1      | Reached XP level 2. HP: 15/15 MP: 5/8
   238 | D:1      | Learned a level 2 spell: Searing Ray
  1058 | D:2      | Found a runed translucent door.
  1059 | D:2      | Noticed Crazy Yiuf
  1183 | D:2      | Reached XP level 3. HP: 19/19 MP: 8/10
  1685 | D:2      | Noticed Robin
  1694 | D:2      | Killed Robin
  1694 | D:2      | Reached XP level 4. HP: 22/24 MP: 1/12
  1892 | D:2      | Reached skill level 5 in Conjurations
  2270 | D:3      | Reached XP level 5. HP: 28/28 MP: 7/13
  2277 | D:3      | Learned a level 4 spell: Fulminant Prism
  2414 | D:3      | Noticed Natasha
  2420 | D:3      | Killed Natasha
  2703 | D:3      | Noticed Natasha
  2708 | D:3      | Killed Natasha
  2902 | D:3      | Noticed Natasha
  2906 | D:3      | Killed Natasha
  2906 | D:3      | Reached skill level 1 in Fighting
  3043 | D:3      | Noticed a centaur
  3057 | D:3      | Shot with an arrow by a centaur

Illustrated notes

Levels and vault maps discovered:
D:1:      dpeg_arrival_ratfight, layout_basic
D:2:      layout_loops_ring, first_ration, uniq_robin, uniq_crazy_yiuf_cottage
D:3:      layout_basic, uniq_natasha

Skill      XL: |  1  2  3  4  5 |
---------------+----------------+-----
Stealth        | 3 4 |  4.1
Dodging        | 3 |  3.8
Spellcasting   | 4 |  4.9
Conjurations   | 5 |  5.4
Fighting       | 1 |  1.0

Action                   |  1- 3 |  4- 6 || total
-------------------------+-------+-------++-------
Melee: Club              |       |     2 ||     2
 Cast: Magic Dart        |    63 |    34 ||    97
       Searing Ray       |     3 |     7 ||    10
Evoke: Wand              |       |     1 ||     1
  Use: Scroll            |       |     8 ||     8
  Eat: Chunk             |     2 |     4 ||     6
Armor: Robe              |     1 |     5 ||     6
Dodge: Dodged            |     2 |     9 ||    11
